cohdb
Replays
Latest Replays
All Replays
Popular Replays
Top Player Replays
Match Explorer
How It Works
Community
CoH3 Stats
Reddit
Sign in to upload your games and track your stats! →
Sign in with Steam
Spicy end game, just FF thru the middle
Match 20350117
Overview
Messages
Build Orders
End
Selects Armored Battlegroup
Engineer Squad
Engineer Squad
Selects Assault Engineers
Assault Engineer Squad
Assault Engineer Squad
Construct Weapon Support Center
Mechanized Support Center
Bazooka Squad
M16 Multiple Gun Motor Carriage
Construct Medical Station
M3 75 mm Gun Motor Carriage
Selects M31 Recovery Vehicle
Construct Motor Pool
Selects War Machine
Mortar Pit
M1 Anti-tank Gun Team
M24 Chaffee Light Tank
Sniper
Selects Strength in Steel
M24 Chaffee Light Tank
M1919 Machine Gun Team
Sniper
M1 Anti-tank Gun Team
Mortar Pit
Selects M8 Scott SPG
Selects M4A3E8 Sherman Combat Group
M4A3E8 Sherman Combat Group
Construct Tank Depot
M4(105) Sherman Bulldozer
M1 Anti-tank Gun Team
M18 Hellcat Tank Destroyer
M4A3E8 Sherman Combat Group
M4A3E8 Sherman Combat Group
M3 75 mm Gun Motor Carriage
Assault Engineer Squad
DanielD
oziligath
0
0
Comments
sign in to comment!
No comments posted yet!